 Dungeon Crawl Stone Soup version 0.31-a0-1388-g4b2ba238e7 (webtiles) character file.

Game seed: 554704195591941791

101735 GloriousHammer the Slayer (level 16, -1/198 (200) HPs)
             Began as an Oni Warper on Dec 22, 2023.
             Was the Champion of Okawaru.
             Splashed by a goliath frog's acid (3 damage)
             ... on level 2 of the Swamp on Dec 25, 2023.
             The game lasted 02:05:34 (26448 turns).

GloriousHammer the Slayer (Oni Warper)             Turns: 26448, Time: 02:05:35

HP:   -1/198 (200)  AC: 12    Str: 31    XL:     16   Next: 31%
MP:   15/29         EV: 10    Int: 17    God:    Okawaru [******]
Gold: 783           SH:  0    Dex:  8    Spells: 7/33 levels left

rFire   . . .        x - +9 giant club
rCold   . . .        (shield currently unavailable)
rNeg    . . .        y - +4 swamp dragon scales "Tuimy" {rElec rPois SInv}
rPois   +            S - +1 hat
rElec   +            r - +0 cloak
rCorr   +            (gloves unavailable)
SInv    +            (boots unavailable)
Will    ++...        J - amulet of Vitality {RegenMP++ Regen++} Stlth
                     L - ring of flight
HPRegen 2.13/turn    i - ring "Nakat" {Will+ rCorr Str+6 Int+3}
MPRegen 1.01/turn

%: no passive effects
@: confused, lethally poisoned (-1 -> -8), about to teleport, ambrosia-drunk,
corroded, flying, studying Maces & Flails, lightly drained
A: large, unfitting armour, horns 1, tough skin 1, double potion healing,
drunken brawling
a: Renounce Religion, Heroism, Finesse, Duel


You were on level 2 of the Swamp.
You worshipped Okawaru.
Okawaru was exalted by your worship.
You visited 5 branches of the dungeon, and saw 24 of its levels.
You also visited: Gauntlet and Ice Cave.

You collected 3794 gold pieces.
You spent 3011 gold pieces at shops.

Inventory:

Hand Weapons
 x - a +9 giant club (weapon)
 V - a +9 spectral giant spiked club
Missiles
 h - 4 curare-tipped darts
 u - 5 atropa-tipped darts
 C - 7 javelins (quivered)
 I - 18 boomerangs
 K - 3 silver javelins
 O - 25 poisoned darts
 T - 34 large rocks
Armour
 r - a +0 cloak (worn)
 y - the +4 swamp dragon scales "Tuimy" (worn) {rElec rPois SInv}
   (Okawaru gifted it to you on level 13 of the Dungeon)

   rElec:     It insulates you from electricity.
   rPois:     It protects you from poison SInv: It lets you see invisible.
 S - a +1 hat (worn)
Jewellery
 e - a +5 ring of evasion
 f - a ring of protection from fire
 i - the ring "Nakat" (right hand) {Will+ rCorr Str+6 Int+3}
   (You acquired it on level 1 of the Lair of Beasts)

   [ring of strength]

   Str+6:     It affects your strength (+6).
   Int+3:     It affects your intelligence (+3).
   Will+:     It increases your willpower.
   rCorr:     It protects you from acid and corrosion.
 z - a ring of wizardry
 J - the amulet of Vitality (around neck) {RegenMP++ Regen++}
   (You bought it in a shop on level 4 of the Dungeon)

   [amulet of magic regeneration]

   RegenMP:   It increases your rate of magic regeneration.
   Regen++:   It increases your rate of health regeneration.
 L - a ring of flight (left hand)
 N - a ring of positive energy
 W - a ring of willpower
Wands
 b - a wand of quicksilver (12)
 B - a wand of digging (8)
 D - a wand of iceblast (18)
 G - a wand of mindburst (16)
 M - a wand of flame (53)
 Q - a wand of paralysis (18)
 R - a wand of polymorph (18)
Scrolls
 a - a scroll of revelation
 c - 2 scrolls of blinking
 d - 2 scrolls of vulnerability
 p - 9 scrolls of teleportation
 t - 3 scrolls of fog
 v - 2 scrolls of poison
 E - 2 scrolls of enchant armour
 H - 3 scrolls of torment
 P - 2 scrolls of amnesia
 Y - 3 scrolls of fear
 Z - a scroll of silence
Potions
 g - 13 potions of curing
 j - 2 potions of brilliance
 k - 8 potions of might
 l - 3 potions of mutation
 m - 2 potions of cancellation
 n - 6 potions of enlightenment
 o - 5 potions of attraction
 q - 7 potions of invisibility
 s - a potion of magic
 A - a potion of experience {unknown}
 U - 2 potions of heal wounds
 X - a potion of lignification
Miscellaneous
 w - a condenser vane


   Skills:
 * Level 22.1 Fighting
 + Level 14.5 Maces & Flails
 - Level 2.4 Throwing
 + Level 6.5 Armour
 - Level 6.0 Dodging
 - Level 9.2 Spellcasting
 + Level 10.0 Translocations
 - Level 6.0 Air Magic
 - Level 8.0 Invocations
 + Level 4.0 Evocations


You had 7 spell levels left.
You knew the following spells:

 Your Spells              Type           Power      Damage    Failure   Level
a - Manifold Assault      Tloc           42%        N/A       1%          4
b - Lesser Beckoning      Tloc           84%        N/A       1%          2
c - Blink                 Tloc           84%        N/A       1%          2
d - Gell's Gravitas       Tloc           42%        N/A       1%          3
e - Swiftness             Air            28%        N/A       3%          3
f - Teleport Other        Tloc           42%        N/A       1%          3
g - Vhi's Electric Charg  Tloc/Air       70%        N/A       4%          4
h - Apportation           Tloc           84%        N/A       1%          1
i - Passage of Golubria   Tloc           42%        N/A       1%          4

Your spell library contained the following spells:

 Spells                   Type           Power      Damage    Failure   Level
 Shock                    Conj/Air       72%        1d7       3%          1
 Mercury Vapours          Alch/Air       36%        N/A       5%          2
 Cigotuvi's Dreadful Rot  Necr/Alch/Air  28%        N/A       9%          2
 Airstrike                Air            14%        2d(2-18)  11%         4
 Freeze                   Ice            28%        1d5       13%         1
 Necrotise                Necr           28%        1d5       13%         1
 Sting                    Conj/Alch      28%        1d4       13%         1
 Mephitic Cloud           Conj/Alch/Air  14%        N/A       17%         3
 Jinxbite                 Hex            14%        N/A       19%         2
 Scorch                   Fire           14%        2d5       19%         2
 Frozen Ramparts          Ice            14%        1d3       36%         3
 Hailstorm                Conj/Ice       7%         3d5       36%         3
 Vampiric Draining        Necr           7%         2d6       36%         3
 Flame Wave               Conj/Fire      7%         2d5       77%         4
 Ignite Poison            Fire/Alch      7%         N/A       77%         4
 Leda's Liquefaction      Alch/Erth      3%         N/A       77%         4
 Olgreb's Toxic Radiance  Alch           7%         N/A       77%         4
 Petrify                  Alch/Erth      7%         N/A       77%         4
 Freezing Cloud           Conj/Ice/Air   7%         6-21      83%         5
 Agony                    Necr           7%         N/A       98%         5
 Alistair's Intoxication  Alch           4%         N/A       98%         5
 Metabolic Englaciation   Hex/Ice        3%         N/A       98%         5
 Yara's Violent Unravell  Hex/Alch       3%         3d4       98%         5
 Enfeeble                 Hex            3%         N/A       100%        7
 Tukima's Dance           Hex            Unusable   N/A       N/A         3
 Summon Cactus Giant      Summ           Unusable   N/A       N/A         6

Dungeon Overview and Level Annotations

Branches:
Dungeon (15/15)            Temple (1/1) D:5            Lair (4/5) D:10
  Swamp (2/4) Lair:3        Snake (0/4) Lair:3          Orc (2/2) D:12
    Elf (0/3) Orc:2        Vaults (0/5) D:13         Depths (0/4) D:15
  IceCv (visited)         Gauntlet (visited)
  Slime: Lair:4-5

Altars:
Ashenzari
Cheibriados
Dithmenos
Elyvilon
Fedhas
Gozag
Hepliaklqana
Kikubaaqudgha
Makhleb
Nemelex Xobeh
Okawaru
Qazlal
Ru
Sif Muna
Trog
Uskayaw
Vehumet
Wu Jian
Xom
Yredelemnul
Zin
The Shining One

Shops:
D:4 :!=?   D:12 :   Orc:2 [=!!

Portals:
Pandemonium: Orc:2
Trove: D:11 (give +5 demon whip)

Annotations:
D:8 exclusions: obsidian statue and orange crystal statue
D:9 exclusion: 2 downstairs


Innate Abilities, Weirdness & Mutations

You are too large for most types of armour.
You have a pair of small horns on your head.
You have tough skin. (AC +1)
You gain doubled healing and magic from potions.
Whenever you drink a healing potion, you attack all around you.


Message History

You are engulfed in spectral mist.
The spectral death drake bites you but does no damage. x2
The spriggan rider is engulfed in spectral mist.
The spriggan rider hits you from afar with a +0 spear!
A spriggan rider comes into view. It is wielding a +0 spear.
The spectral spriggan berserker hits you.
You feel drained.
The spectral death drake barely misses you.
The spectral death drake bites you.
You feel drained.
A spriggan rider comes into view. It is wielding a +0 spear.
The spriggan rider is engulfed in spectral mist.
The spriggan rider hits you from afar with a +0 spear!
The spectral spriggan berserker hits you!
Throw: 8 javelins
Press: ? - help, Q - select action, (/) - cycle Shift-Dir - straight line, f/p - ghost crab
Aim: a ghost crab (severely damaged, 79% to hit)
You throw a javelin.
The javelin barely misses the ghost crab.
The javelin closely misses the spriggan rider.
You hear a splash.
The spriggan rider shouts!
The spectral death drake bites you but does no damage. x2
The spriggan rider hits you from afar with a +0 spear!
The spectral death drake bites you but does no damage.
The spectral death drake closely misses you.
You thump the ghost crab!
The ghost crab is severely damaged.
The spectral spriggan berserker fades away!
A goliath frog comes into view.
The spectral death drake closely misses you.
The spectral death drake bites you but does no damage.
The spriggan rider hits you but does no damage.
You bludgeon the ghost crab!!
You destroy the ghost crab!
Okawaru accepts your kill.
The spectral death drake fades away! x2
The spectral snapping turtle fades away!
The spriggan rider hits you but does no damage.
The spriggan rider hits you from afar with a +0 spear. x2
Casting: Manifold Assault (mildly dangerous; 1% risk of failure)
Confirm with . or Enter, or press ? or * to list all spells.
Space momentarily warps into an impossible shape!
You closely miss the spriggan rider. You hit the spriggan rider.
The spriggan rider closely misses you.
The spriggan rider hits you from afar with a +0 spear!
The spriggan rider closely misses you.
Casting: Manifold Assault (mildly dangerous; 1% risk of failure)
Confirm with . or Enter, or press ? or * to list all spells.
Space momentarily warps into an impossible shape!
You closely miss the spriggan rider. You barely miss the spriggan rider.
You bludgeon the spriggan rider!!
You hear a splash.
You kill the spriggan!
Okawaru accepts your kill.
The spriggan rider hits you from afar with a +0 spear!
Casting: Manifold Assault (mildly dangerous; 1% risk of failure)
Confirm with . or Enter, or press ? or * to list all spells.
Space momentarily warps into an impossible shape!
You closely miss the hornet.
You hammer the spriggan rider like a gong!!!
You hear a splash.
You kill the spriggan!
Okawaru accepts your kill.
You sock the goliath frog!
You hear a chilling moan.
The goliath frog hits you from afar! The acid corrodes you!
You are splashed with acid.
You resist. The hornet barely misses you.
The spriggan rider hits you from afar with a +0 spear!
As you read the scroll of teleportation, it crumbles to dust.
You feel strangely unstable. The hornet stings you.
* * * LOW HITPOINT WARNING * * *
The goliath frog hits you from afar!
* * * LOW HITPOINT WARNING * * *
You are splashed with acid.
You resist.
* * * LOW HITPOINT WARNING * * *
The hornet stings you!
* * * LOW HITPOINT WARNING * * *
You are poisoned.
The spriggan rider misses you.
You take a swig of the potion and twirl your +9 giant club.
You pound the hornet like an anvil!!!
You kill the hornet!
Okawaru accepts your kill.
You barely miss the hornet. Your headbutt misses the hornet.
The hornet is severely wounded.
You are confused.
You savour every drop.
You feel invigorated.
You feel very sick. The hornet stings you!
* * * LOW HITPOINT WARNING * * *
You are more poisoned.
The goliath frog misses you.
A will-o-the-wisp comes into view.
The hornet stings you but does no damage.
The spriggan rider hits you from afar with a +0 spear!!
* * * LOW HITPOINT WARNING * * *
The goliath frog hits you from afar!
* * * LOW HITPOINT WARNING * * *
You are splashed with acid.
You resist.
You die...

~~♣ ♣♣...........~~~
.~♣
♣♣~~~~...~~~.~~(...
♣♣♣
♣~.~~~~.~~~~.~~....
♣♣.~~§~~.~~~~~~....
♣♣.~)~~~~~~~..~...§
♣♣.....~~~~~~~~(~..~
♣..~~~).~~~~i))(~..~
♣.~~~~.~~~~~†yF~~.~v
♣♣♣.~~~~.~~~~~@...†..~
♣~~~~.~.......♣♣♣♣♣♣♣.
♣.~~~.~♣~♣♣♣♣♣♣
♣.~~~.♣♣♣♣ ♣♣♣....♣♣
~..♣♣~♣♣ ~~~♣♣♣♣ ~~~♣
.>.♣


You could see a spriggan rider, a goliath frog, a will-o-the-wisp (wandering)
and a hornet.

Vanquished Creatures
  Louise (D:14)
  3 eleionomae
  2 bunyips (Swamp:2)
  A minotaur (Gauntlet)
  Snorg (Orc:1)
  Josephine (Orc:1)
  An ettin (D:15)
  An entropy weaver (shapeshifter) (D:13)
  A ghost crab (Swamp:2)
  A demonspawn (Orc:2)
  An alligator (Swamp:1)
  7 hydras
  An ogre mage (Orc:2)
  2 catoblepae
  7 boulder beetles
  13 centaur warriors
  3 tengu warriors
  10 two-headed ogres
  7 spriggans (Swamp:2)
  5 orc high priests (Orc:2)
  A soul eater (Orc:2)
  Sonja (D:11)
  A hell knight (D:15)
  A fire crab (Lair:4)
  A death drake (Swamp:2)
  6 skeletal warriors
  A deep troll (shapeshifter) (D:13)
  2 spriggan druids (Swamp:2)
  3 bog bodies
  A phantasmal warrior (D:13)
  4 orc knights (Orc:2)
  2 deep elf pyromancers
  A necromancer (D:15)
  6 orc sorcerers (Orc:2)
  A wolf spider (D:15)
  3 will-o-the-wisps
  6 cyclopes
  3 manticores
  5 ugly things
  Maurice (D:12)
  2 kobold blastminers (Orc:2)
  A rust devil (Orc:2)
  5 black mambas
  Joseph (D:7)
  7 cane toads
  A smoke demon (Orc:2)
  2 torpor snails
  An unseen horror (shapeshifter) (D:15)
  3 rime drakes
  A yaktaur (D:13)
  A kobold demonologist (D:10)
  5 tengu conjurers
  An ice devil (IceCv)
  2 komodo dragons
  An efreet (D:15)
  A freezing wraith (D:13)
  Psyche (D:8)
  2 queen bees (Gauntlet)
  5 trolls
  A red devil (Orc:2)
  3 meliai (D:13)
  5 polar bears
  7 hornets
  6 tyrant leeches
  A raiju (shapeshifter) (D:13)
  5 blink frogs
  10 slime creatures
  A centaur simulacrum (D:13)
  2 vampires
  A shadow (D:9)
  4 wraiths
  A fire elemental (D:12)
  3 wyverns
  19 yaks
  3 dire elephant simulacra (IceCv)
  A spriggan (shapeshifter) (D:15)
  A yak (shapeshifter) (D:13)
  2 wargs
  13 vampire mosquitoes
  A golden eye (shapeshifter) (D:14)
  3 basilisks
  A harpy simulacrum (IceCv)
  6 swamp worms
  An acid dragon (D:11)
  A hydra simulacrum (IceCv)
  A swamp drake (Swamp:1)
  12 water moccasins
  4 sky beasts
  23 orc warriors
  8 black bears
  5 ogres
  21 wolves
  13 centaurs
  A phantom (D:6)
  2 kobold brigands
  8 bullfrogs
  3 gnoll sergeants
  A scorpion (D:5)
  6 two-headed ogre simulacra (IceCv)
  6 wights
  19 killer bees
  3 elephant simulacra (IceCv)
  2 electric eels (D:12)
  3 howler monkeys
  2 gnoll boudas
  3 hounds
  3 jellies
  28 orc priests
  A sleepcap (D:6)
  5 troll simulacra (IceCv)
  An iguana (D:6)
  14 orc wizards
  2 polar bear simulacra (IceCv)
  6 spriggan simulacra (IceCv)
  6 wolf simulacra (IceCv)
  21 gnolls
  11 adders
  8 naga simulacra (IceCv)
  2 shadow imps (D:7)
  A bombardier beetle (D:5)
  4 white imps
  10 ufetubi
  A worm (D:2)
  57 orcs
  4 ball pythons
  6 endoplasms
  A giant cockroach (D:2)
  4 goblins
  A hobgoblin (D:1)
  12 jackals (D:1)
  10 kobolds
  3 quokkas
  6 bats
  17 frilled lizards
  4 rats
  A spectral orc (D:5)
660 creatures vanquished.

Vanquished Creatures (others)
  An iguana (D:4)
  An orc wizard (Orc:1)
  2 adders (D:4)
  A giant cockroach (D:4)
  A goblin (D:4)
  A jackal (D:4)
  2 foxfires (Swamp:2)
9 creatures vanquished.

Grand Total: 669 creatures vanquished

Notes
Turn   | Place    | Note
-------+----------+-------------------------------------------
     0 | D:1      | GloriousHammer the Oni Warper began the quest for the Orb.
     0 | D:1      | Reached XP level 1. HP: 22/22 MP: 3/3
     6 | D:1      | Noticed a swamp worm
     6 | D:1      | Noticed a polar bear
     6 | D:1      | Noticed a snapping turtle
     7 | D:1      | Noticed a boulder beetle
     7 | D:1      | Noticed a black mamba
   156 | D:1      | Reached skill level 3 in Fighting
   167 | D:1      | Reached XP level 2. HP: 14/31 MP: 5/5
   700 | D:1      | Reached XP level 3. HP: 22/39 MP: 6/6
  1485 | D:2      | Reached skill level 4 in Fighting
  2200 | D:2      | Reached XP level 4. HP: 38/49 MP: 7/7
  2436 | D:3      | Found a faded altar of an unknown god.
  2884 | D:2      | Reached skill level 5 in Fighting
  3001 | D:2      | Reached XP level 5. HP: 52/57 MP: 8/8
  3488 | D:4      | Found a broken altar of Ashenzari.
  3488 | D:4      | Found Xack's Jewellery Boutique.
  3497 | D:4      | Found Dyru's Magic Scroll Boutique.
  3520 | D:4      | Bought a scroll of identify for 24 gold pieces
  3520 | D:4      | Bought a scroll of identify for 24 gold pieces
  3520 | D:4      | Bought a scroll of teleportation for 36 gold pieces
  3588 | D:4      | Found an ornate altar of the Wu Jian Council.
  3804 | D:4      | Identified the +3 scale mail of the Valley {^Contam rCorr
                  | Str+3 Dex+3}
  3807 | D:4      | Reached skill level 6 in Fighting
  3828 | D:4      | Found Izyriu's Book Boutique.
  3892 | D:4      | Reached XP level 6. HP: 32/68 MP: 9/9
  4013 | D:4      | Found a shimmering blue altar of Sif Muna.
  4150 | D:4      | Found a shimmering altar of Xom.
  4473 | D:4      | Found Jeuseug's Distillery.
  4481 | D:4      | Bought a potion of curing for 42 gold pieces
  4481 | D:4      | Bought a potion of heal wounds for 70 gold pieces
  4644 | D:4      | Reached skill level 7 in Fighting
  4741 | D:5      | Entered Level 5 of the Dungeon
  4786 | D:5      | Reached XP level 7. HP: 79/79 MP: 10/10
  4788 | D:5      | Identified the +1 spear of Rotation {heavy, Str+3}
  4836 | D:5      | Identified a scroll of acquirement
  4840 | D:5      | Acquired 1334 gold pieces
  4865 | D:5      | Reached skill level 8 in Fighting
  4905 | D:4      | Bought the amulet of Vitality {RegenMP++ Regen++} for 1200
                  | gold pieces
  4905 | D:4      | Found the amulet of Vitality {RegenMP++ Regen++}
  5016 | D:5      | Found a basalt altar of Yredelemnul.
  5115 | D:5      | Learned a level 2 spell: Blink
  5118 | D:5      | Learned a level 2 spell: Lesser Beckoning
  5122 | D:5      | Learned a level 3 spell: Teleport Other
  5253 | D:5      | Found a staircase to the Ecumenical Temple.
  5262 | Temple   | Entered the Ecumenical Temple
  5284 | Temple   | Became a worshipper of Warmaster Okawaru
  5569 | D:5      | Reached skill level 9 in Fighting
  5569 | D:5      | Reached skill level 5 in Maces & Flails
  5690 | D:4      | Learned a level 3 spell: Gell's Gravitas
  5697 | D:5      | HP: 3/73 [wight/+4 battleaxe of freezing (9)]
  5785 | D:5      | Reached XP level 8. HP: 67/84 MP: 11/11
  5851 | D:6      | Reached skill level 10 in Fighting
  5873 | D:5      | Reached * piety under Okawaru
  6003 | D:6      | Reached skill level 11 in Fighting
  6406 | D:6      | Reached ** piety under Okawaru
  6508 | D:5      | Reached XP level 9. HP: 89/104 MP: 12/12
  6564 | D:6      | Reached skill level 12 in Fighting
  6925 | D:4      | Bought a book of Air for 220 gold pieces
  7240 | D:7      | Noticed Joseph
  7405 | D:7      | Found a snail-covered altar of Cheibriados.
  7407 | D:7      | Found a burning altar of Makhleb.
  7407 | D:7      | Noticed a two-headed ogre
  7408 | D:7      | Found a hide-covered altar of Uskayaw.
  7433 | D:7      | Killed a two-headed ogre
  7434 | D:7      | Reached skill level 13 in Fighting
  7434 | D:7      | Reached skill level 1 in Air Magic
  7519 | D:7      | Reached *** piety under Okawaru
  7664 | D:7      | Reached skill level 1 in Invocations
  7680 | D:7      | Killed Joseph
  7934 | D:7      | Reached XP level 10. HP: 119/119 MP: 16/16
  8263 | D:8      | Noticed Psyche
  8278 | D:8      | Killed Psyche
  8510 | D:8      | Noticed an obsidian statue
  8533 | D:8      | Noticed an orange crystal statue
  8565 | D:8      | Learned a level 3 spell: Swiftness
  8570 | D:8      | Learned a level 4 spell: Manifold Assault
  8579 | D:9      | Noticed a two-headed ogre
  8671 | D:8      | Killed a two-headed ogre
  8708 | D:9      | Reached **** piety under Okawaru
  8709 | D:9      | Reached skill level 14 in Fighting
  8773 | D:9      | Reached skill level 5 in Spellcasting
  9005 | D:9      | Found a blossoming altar of Fedhas.
  9168 | D:9      | Reached ***** piety under Okawaru
  9415 | D:9      | Reached XP level 11. HP: 62/131 MP: 19/19
  9554 | D:10     | Entered Level 10 of the Dungeon
  9572 | D:10     | Noticed a two-headed ogre
  9773 | D:9      | Paralysed by a hornet for 2 turns
  9786 | D:9      | Received a gift from Okawaru
 10208 | D:10     | Reached skill level 15 in Fighting
 10239 | D:9      | Reached skill level 5 in Invocations
 10333 | D:10     | Found a staircase to the Lair.
 10360 | Lair:1   | Entered Level 1 of the Lair of Beasts
 10389 | Lair:1   | Upgraded the game from 0.31-a0-1338-gb567cfdca4 to
                  | 0.31-a0-1370-gf52a5a9ab3
 10608 | Lair:1   | Learned a level 4 spell: Vhi's Electric Charge
 10770 | Lair:1   | Reached skill level 5 in Translocations
 10901 | Lair:1   | Found a hide-covered altar of Uskayaw.
 10901 | Lair:1   | Found an ornate altar of the Wu Jian Council.
 10901 | Lair:1   | Noticed a boulder beetle
 10930 | Lair:1   | Killed a boulder beetle
 10981 | Lair:1   | Acquired the ring "Nakat" {Will+ rCorr Str+6 Int+3}
 11838 | Lair:2   | Received a gift from Okawaru
 11848 | Lair:2   | Reached skill level 16 in Fighting
 11965 | Lair:2   | Reached XP level 12. HP: 88/144 MP: 21/21
 12060 | Lair:2   | Learned a level 1 spell: Apportation
 12958 | Lair:3   | Found a staircase to the Swamp.
 13306 | Lair:3   | Reached skill level 17 in Fighting
 13325 | Lair:3   | Noticed a catoblepas
 13369 | Lair:3   | Received a gift from Okawaru
 13404 | Lair:3   | Killed a catoblepas
 13540 | Lair:3   | Reached skill level 10 in Maces & Flails
 13740 | Lair:3   | Found a staircase to the Snake Pit.
 14553 | Lair:4   | Received a gift from Okawaru
 14765 | Lair:4   | Found a shimmering altar of Xom.
 15112 | D:10     | You fall into a shaft and drop 2 floors!
 15151 | D:12     | Found a frozen archway.
 15165 | IceCv    | Entered an ice cave
 15698 | IceCv    | Reached skill level 18 in Fighting
 16755 | IceCv    | Reached XP level 13. HP: 119/158 MP: 23/23
 16942 | IceCv    | HP: 3/158 [dire elephant simulacrum (15)]
 18265 | D:11     | Reached skill level 1 in Armour
 18453 | D:11     | Found a portal to a secret trove of treasure.
 18519 | D:11     | Noticed Sonja
 18535 | D:11     | Killed Sonja
 18535 | D:11     | Received a gift from Okawaru
 18934 | D:12     | Reached skill level 19 in Fighting
 19123 | D:12     | Found a staircase to the Orcish Mines.
 19239 | D:12     | Found Jumahov's Book Emporium.
 19466 | D:12     | Noticed Maurice
 19477 | D:12     | Maurice stole a condenser vane
 19479 | D:12     | Maurice stole 4 curare-tipped darts
 19486 | D:12     | Something stole a +5 ring of evasion
 19492 | D:12     | Maurice stole a staff of air
 19493 | D:12     | Maurice stole 749 gold
 19498 | D:12     | Maurice stole 42 gold
 19499 | D:12     | Killed Maurice
 19499 | D:12     | Received a gift from Okawaru
 19648 | Orc:1    | Entered Level 1 of the Orcish Mines
 19655 | Orc:1    | Noticed Snorg
 19661 | Orc:1    | Killed Snorg
 19767 | Orc:2    | Entered Level 2 of the Orcish Mines
 19767 | Orc:2    | Found a gate leading to a gauntlet.
 19790 | Gauntlet | Entered a Gauntlet
 19790 | Gauntlet | Found a transporter.
 19790 | Gauntlet | Found a transporter.
 19791 | Gauntlet | Noticed a reaper
 19801 | Gauntlet | Found a transporter.
 19801 | Gauntlet | Found a transporter.
 19804 | Gauntlet | Found a transporter.
 19814 | Gauntlet | Found a transporter.
 19814 | Gauntlet | Found a transporter.
 19830 | Gauntlet | Found a transporter.
 19834 | Gauntlet | Found a large runed translucent door.
 19835 | Gauntlet | Found a large runed translucent door.
 19836 | Gauntlet | Found a large runed translucent door.
 19836 | Gauntlet | Found a large runed translucent door.
 19837 | Gauntlet | Found a runed translucent gate.
 19838 | Gauntlet | Found a transporter.
 19838 | Gauntlet | Found a runed translucent gate.
 19839 | Gauntlet | Found a runed translucent gate.
 19840 | Gauntlet | Found a large runed translucent door.
 19840 | Gauntlet | Found a large runed translucent door.
 19841 | Gauntlet | Found a large runed translucent door.
 19842 | Gauntlet | Found a large runed translucent door.
 19851 | Gauntlet | Found a large runed translucent door.
 19851 | Gauntlet | Found a large runed translucent door.
 19851 | Gauntlet | Found a runed translucent door.
 19851 | Gauntlet | Found a runed translucent door.
 19852 | Gauntlet | Found a large runed translucent door.
 19853 | Gauntlet | Found a large runed translucent door.
 19855 | Gauntlet | Found a transporter.
 19863 | Gauntlet | Found a transporter.
 19881 | Gauntlet | Found a transporter.
 19972 | Gauntlet | Found a large runed translucent door.
 19973 | Gauntlet | Found a large runed translucent door.
 19974 | Gauntlet | Found a large runed translucent door.
 19974 | Gauntlet | Found a large runed translucent door.
 20056 | Gauntlet | Upgraded the game from 0.31-a0-1370-gf52a5a9ab3 to
                  | 0.31-a0-1388-g4b2ba238e7
 20267 | Gauntlet | Paralysed by a hornet for 3 turns
 20336 | Gauntlet | Reached XP level 14. HP: 164/172 MP: 26/26
 20346 | Gauntlet | Identified the amulet of the Queen {rN+ Regen+}
 20357 | Gauntlet | Identified the +3 plate armour "Raojaf" {Int+2}
 20379 | Gauntlet | Identified the +3 ring mail of the Moneychanger {Will+}
 20379 | Gauntlet | Identified the +4 rapier of Spontaneous Combustion {spect,
                  | rF+ Will- rCorr Stlth+}
 20490 | D:12     | Bought a manual of Maces & Flails for 1040 gold pieces
 20654 | Orc:2    | Found a staircase to the Elven Halls.
 21408 | Orc:2    | Found Eppeost's Distillery.
 21452 | Orc:2    | Found Osmog's Distillery.
 21530 | Orc:2    | Received a gift from Okawaru
 21554 | Orc:2    | Bought 2 potions of invisibility for 160 gold pieces
 21556 | Orc:2    | Bought a potion of heal wounds for 65 gold pieces
 21556 | Orc:2    | Bought a potion of ambrosia for 104 gold pieces
 21556 | Orc:2    | Bought 2 potions of degeneration for 26 gold pieces
 21601 | Orc:2    | Reached skill level 5 in Air Magic
 21641 | Orc:2    | Reached skill level 20 in Fighting
 21693 | Orc:2    | Received a gift from Okawaru
 21843 | Orc:2    | Found Qaqufu's Jewellery Shoppe.
 21843 | Orc:2    | Found Quupais's Antique Armour Emporium.
 21859 | Orc:2    | Found a one-way gate leading to the halls of Pandemonium.
 21925 | Orc:1    | Noticed Josephine
 21967 | Orc:1    | Killed Josephine
 22326 | D:13     | Identified the +1 leather armour of the Merchant {rElec rC+
                  | Int+3}
 22509 | D:13     | Received a gift from Okawaru
 22579 | D:13     | Learned a level 4 spell: Passage of Golubria
 22613 | D:13     | Reached XP level 15. HP: 175/184 MP: 6/28
 22654 | D:13     | Reached ****** piety under Okawaru
 22672 | D:13     | Acquired a +8 spectral giant spiked club
 22672 | D:13     | Received a gift from Okawaru
 22675 | D:13     | Acquired the +4 swamp dragon scales "Tuimy" {rElec rPois
                  | SInv}
 22675 | D:13     | Received a gift from Okawaru
 22773 | D:13     | Reached skill level 5 in Dodging
 22773 | D:13     | Reached skill level 1 in Evocations
 23063 | D:13     | Found a gate to the Vaults.
 23307 | D:13     | Received a gift from Okawaru
 23346 | D:13     | Identified the +4 hand axe "Newtslayer" {heavy, rElec MP+9}
 23597 | D:14     | Reached skill level 5 in Armour
 23684 | D:14     | Reached skill level 21 in Fighting
 23767 | D:14     | Received a gift from Okawaru
 24261 | D:14     | Noticed Louise
 24267 | D:14     | Killed Louise
 24475 | D:15     | Entered Level 15 of the Dungeon
 24798 | D:15     | Found a staircase to the Depths.
 25442 | Swamp:1  | Entered Level 1 of the Swamp
 25655 | Swamp:1  | Received a gift from Okawaru
 25672 | Swamp:1  | Reached XP level 16. HP: 164/198 MP: 17/29
 26134 | Swamp:2  | Reached skill level 22 in Fighting
 26368 | Swamp:2  | Reached skill level 10 in Translocations
 26448 | Swamp:2  | HP: 9/198 [spriggan rider/+0 spear (20)]
 26448 | Swamp:2  | HP: 2/198 [goliath frog (7)]
 26448 | Swamp:2  | Splashed by a goliath frog's acid

Illustrated notes

Levels and vault maps discovered:
D:1:      onia_arrival_zoo_common, layout_basic, serial_forest,
          infiniplex_forest_straight_4, infiniplex_forest_clump_small,
          infiniplex_forest_corner_1, infiniplex_forest_straight_4,
          infiniplex_forest_lined_3, infiniplex_forest_clump_medium,
          infiniplex_forest_lined_corner, infiniplex_forest_clump_long
D:2:      layout_loops_corners, glass_columns_b, minivault_19
D:3:      layout_rooms, shapermc_ecumenical_altar_mp_ritualfount
D:4:      layout_gridville, xom_confusion_cloud, lemuel_crystal_altar,
          led_sif_book, mainiacjoe_overflow_concentric_impassable, serial_shops,
          shop, shop_fountains, shop, shop, chequers_serial_rivers_micro_c
D:5:      layout_rooms, yredelemnul_forgotten_temple_becter,
          minmay_temple_entry_offerings, nicolae_half_adder
D:6:      layout_loops_ring, minmay_lizard_king
D:7:      layout_basic, grunt_temple_overflow_open, nrook_campfire, uniq_joseph
D:8:      minmay_separated_statues, layout_rooms, grunt_decor_arrowhead,
          uniq_psyche
D:9:      layout_basic, kennysheep_mini
D:10:     layout_rooms, lair_entry_dummy
D:11:     layout_roguey, enter_trove_1, minmay_fountain_box, uniq_sonja
D:12:     layout_basic, david_orc_2, portal_ice_cave_rime, serial_shops,
          kennysheep_little_box, kennysheep_potato, uniq_maurice
D:13:     nicolae_aperiodic_l_corner, layout_loops_ring, david_vaults_2,
          serial_glass, glass_columns_a, glass_columns_b, evilmike_butchery
D:14:     nzn_winding_woodlands_small [nzn_winding_woodlands_5x15_split_checker,
          nzn_winding_woodlands_center_garden,
          nzn_winding_woodlands_5x15_sawtooth], layout_irregular_city,
          uniq_louise
D:15:     hangedman_depths_entry_civil_slaughter, layout_grid_maze
Temple:   nicolae_temple_figure_eight
Lair:1:   layout_regular_city, nzn_masters_of_martial_movement
Lair:2:   beast_lair_carwin_large_3, layout_regular_city
Lair:3:   layout_regular_city, swamp_mist, minmay_snake_entry_six_corridors,
          lemuel_old_faithful
Lair:4:   layout_roguey, basic_altar, cheibrodos_lair_caveside_slide,
          chequers_serial_rivers_micro_c
Swamp:1:  layout_basic_swamp, evilmike_swamp_ruin_house_4, swamp_pool_4,
          nicolae_swamp_decorative_isthmus
Swamp:2:  gammafunk_mikee_crab_dinner, layout_basic_swamp, serial_swamp_ruin,
          evilmike_swamp_ruin_rubble_1, hangedman_swamp_ruin_hall
Orc:1:    layout_caves, uniq_josephine, uniq_snorg
Orc:2:    pf_orc_diabolical, layout_caves, gauntlet_entry_generic, basic_altar,
          abandoned_shop, mines1_david

Skill      XL: |  1  2  3  4  5  6  7  8  9 10 11 12 13 14 15 16 |
---------------+-------------------------------------------------+-----
Fighting       | 3 4 5 6 7 9 11 13 14 16 18 19 20 21 22 | 22.1
Throwing       | 2 |  2.4
Maces & Flails | 3 4 5 6 7 8 9 10 11 13 14 | 14.5
Spellcasting   | 4 5 6 8 9 |  9.2
Air Magic      | 2 3 4 5 6 |  6.0
Invocations    | 1 4 6 8 |  8.0
Translocations | 3 4 5 7 8 9 10 | 10.0
Armour         | 3 4 6 |  6.5
Dodging        | 3 4 6 |  6.0
Evocations     | 3 4 |  4.0

Action                     |  1- 3 |  4- 6 |  7- 9 | 10-12 | 13-15 | 16-18 || total
---------------------------+-------+-------+-------+-------+-------+-------++-------
  Melee: Mace              |   129 |    35 |       |       |       |       ||   164
         Headbutt          |    15 |    22 |    43 |   174 |    77 |     2 ||   333
         Punch             |     3 |     1 |     1 |       |       |       ||     5
         Flail             |       |   118 |    84 |       |       |       ||   202
         Dire flail        |       |       |   244 |   815 |   436 |       ||  1495
         Unarmed           |       |       |       |     3 |       |       ||     3
         Giant club        |       |       |       |       |   613 |    90 ||   703
  Throw: Stone             |       |    39 |     6 |       |       |       ||    45
         Boomerang         |       |    16 |     1 |    31 |    30 |       ||    78
         Dart              |       |     1 |     1 |    13 |       |       ||    15
         Javelin           |       |       |       |     3 |     8 |     1 ||    12
         Large rock        |       |       |       |       |     9 |     3 ||    12
   Cast: Gell's Gravitas   |       |       |     3 |     2 |       |       ||     5
         Blink             |       |       |     1 |     9 |     5 |       ||    15
         Lesser Beckoning  |       |       |       |     6 |       |       ||     6
         Swiftness         |       |       |       |     1 |     1 |       ||     2
         Manifold Assault  |       |       |       |       |   438 |    52 ||   490
         Apportation       |       |       |       |       |     1 |       ||     1
 Invoke: Heroism           |       |       |     2 |     9 |     5 |       ||    16
         Finesse           |       |       |       |     1 |     3 |       ||     4
         Receive Weapon    |       |       |       |       |     1 |       ||     1
         Receive Armour    |       |       |       |       |     1 |       ||     1
  Evoke: Wand              |       |       |       |     3 |    13 |       ||    16
         Condenser vane    |       |       |       |     1 |       |       ||     1
    Use: Scroll            |       |     8 |     7 |     9 |    13 |     3 ||    40
         Potion            |       |     2 |     2 |     5 |     3 |     1 ||    13
   Stab: Confused          |       |       |       |     1 |       |       ||     1
         Distracted        |       |       |       |       |     1 |       ||     1
 Armour: Robe              |   135 |   180 |   309 |   710 |    51 |       ||  1385
         Skin              |       |       |       |     1 |    33 |       ||    34
         Troll leather arm |       |       |       |       |   248 |       ||   248
         Acid dragon scale |       |       |       |       |    84 |       ||    84
         Swamp dragon scal |       |       |       |       |   103 |    53 ||   156
  Dodge: Dodged            |    85 |   101 |   132 |   353 |   252 |    18 ||   941

Table legend: (Time is in decaauts)
 A = Elapsed time spent in this place.
 B = Non-inter-level travel time spent in this place.
 C = Inter-level travel time spent in this place.
 D = Time resting spent in this place.
 E = Time spent auto-exploring this place.
 F = Levels seen in this place.
 G = Mean time per level.
                   A        B        C        D        E       F      G
               +--------+--------+--------+--------+--------+-----+--------+
         Total |  26379 |  24982 |   1397 |   4168 |  12964 |  26 | 1014.6 |
       Dungeon |  15786 |  14794 |    992 |   1748 |   8707 |  15 | 1052.4 |
        Temple |     42 |      1 |     41 |      0 |      0 |   1 |   42.0 |
          Lair |   4707 |   4500 |    207 |    657 |   2378 |   4 | 1176.8 |
         Swamp |    995 |    974 |     21 |      0 |    776 |   2 |  497.5 |
  Orcish Mines |   1851 |   1717 |    134 |    344 |    800 |   2 |  925.5 |
      Ice Cave |   2399 |   2399 |      0 |   1297 |    149 |   1 | 2399.0 |
      Gauntlet |    596 |    596 |      0 |    122 |    154 |   1 |  596.0 |
               +--------+--------+--------+--------+--------+-----+--------+

Top non-repeatable levels by time:
   IceCv: 2399 daAuts
     D:2: 1590 daAuts
   Orc:2: 1509 daAuts
     D:4: 1432 daAuts
     D:1: 1387 daAuts
    D:13: 1333 daAuts
  Lair:1: 1329 daAuts
  Lair:3: 1317 daAuts
     D:9: 1304 daAuts
  Lair:2: 1269 daAuts
     D:5: 1096 daAuts
    D:12: 1059 daAuts
     D:7: 1054 daAuts
    D:14: 1005 daAuts
     D:6: 996 daAuts
